 Dungeon Crawl Stone Soup version 0.29.1-1-gd02db69 (webtiles) character file.

Game seed: 9021976893422324167

95 Kel the Chopper (level 4, -9/28 HPs)
             Began as a Gargoyle Fighter on Nov 23, 2022.
             Was an Initiate of Trog.
             Killed by an exploding giant cockroach (37 damage)
             ... ignited by their inner flame
             ... on level 5 of the Dungeon.
             The game lasted 00:03:33 (1923 turns).

Kel the Chopper (Gargoyle Fighter)                  Turns: 1923, Time: 00:03:34

Health: -9/28      AC: 14    Str: 21    XL:     4   Next: 66%
Magic:  4/4        EV:  9    Int:  9    God:    Trog [......]
Gold:   204        SH:  5    Dex:  9    Spells: 3/3 levels left

rFire   . . .      SeeInvis +   a - +0 war axe
rCold   . . .      Faith    .   c - +1 buckler
rNeg    + . .      Spirit   .   b - +0 scale mail
rPois   ∞          Reflect  .   (no helmet)
rElec   +          Harm     +   o - scarf {harm}
rCorr   .          Rampage  .   (no gloves)
Will    .....                   (no boots)
Stlth   ..........              (no amulet)
HPRegen 0.09/turn               l - +4 ring of protection
MPRegen 0.09/turn               r - ring of see invisible

@: weak-willed
A: sickness immunity, AC +3, negative energy resistance 1, electricity
resistance, torment resistance 1, petrification resistance
a: Renounce Religion


You were on level 5 of the Dungeon.
You worshipped Trog.
Trog was noncommittal.
You visited 1 branch of the dungeon, and saw 4 of its levels.

You collected 204 gold pieces.

Inventory:

Hand Weapons
 a - a +0 war axe (weapon)
Missiles
 g - a throwing net (quivered)
Armour
 b - a +0 scale mail (worn)
 c - a +1 buckler (worn)
 o - a scarf of harm (worn)
Jewellery
 l - a +4 ring of protection (left hand)
 r - a ring of see invisible (right hand)
Wands
 j - a wand of charming (6)
Scrolls
 e - 3 scrolls of identify
 i - a scroll of fog
Potions
 d - 3 potions of might
 f - a potion of invisibility {unknown}
 h - a potion of curing {unknown}
 m - a potion of flight {unknown}


   Skills:
 - Level 3.2 Fighting
 + Level 4.3 Axes
 - Level 3.2 Armour
 - Level 3.2 Shields


You had 3 spell levels left.
You didn't know any spells.
Your spell library was empty.

Dungeon Overview and Level Annotations

Branches:
Dungeon (5/15)
 Temple: D:4-7

Altars:
Trog

Portals:
Sewer: D:5

Annotations:
D:5 Pikel


Innate Abilities, Weirdness & Mutations

You are immune to sickness and miasma.
Your stone body is resilient. (AC +3)
You are immune to poison.
You resist negative energy. (rN+)
You are resistant to electric shocks. (rElec)
You are resistant to unholy torment.
You are immune to petrification.


Message History

The quokka closely misses you.
The quokka bites you but does no damage.
You miss the quokka. The quokka closely misses you.
You hit the quokka.
You kill the quokka!
Trog accepts your kill. The ufetubus barely misses you.
The ufetubus hits you but does no damage.
You hit the ufetubus.
You kill the ufetubus!
Trog accepts your kill. You block the giant cockroach's attack.
You barely miss the giant cockroach. The giant cockroach closely misses you.
As you read the scroll labelled WOANAS TU FARPH, it crumbles to dust.
It is a scroll of identify.
i - a scroll of fog The giant cockroach bites you but does no damage.
You block the giant cockroach's attack.
As you read the scroll labelled NAAH AWKIU, it crumbles to dust.
The creatures around you are filled with an inner flame!
It was a scroll of immolation.
The giant cockroach bites you but does no damage.
As you read the scroll labelled NEJ IVIONUBLI, it crumbles to dust.
Magic quickly surges around you.
It was a scroll of vulnerability.
You block the giant cockroach's attack.
As you read the scroll labelled POTEMAB UTOA, it crumbles to dust.
It is a scroll of enchant armour.
Your +0 buckler glows green for a moment.
The giant cockroach barely misses you.
As you read the scroll labelled DAXKOKENNOI, it crumbles to dust.
You assume a fearsome visage.
The giant cockroach looks frightened!
The quokka looks frightened! x2; The lemure looks frightened!
The iguana looks frightened!
It was a scroll of fear.
Cornered, the quokka turns to fight! x2
You slash the giant cockroach! Trog accepts your kill.
The giant cockroach explodes!
The fiery explosion engulfs you!!
Ouch! That really hurt!
You die...

#K# ## ..
#.##.#
#######.#..#
~~~~~~.....#
~∩~~~~..#..#
~~~~~~..##.#
#######.r..#
#.#...B#
#@####.#
#§§lr5r#
########


You could see a lemure (inner flame, fleeing, weak-willed), an iguana (inner
flame, fleeing, weak-willed) and 2 quokkas.

Vanquished Creatures
  An iguana (D:3)
  2 adders
  An ufetubus (D:5)
  A worm (D:2)
  3 dart slugs (D:1)
  3 bats
  5 endoplasms
  3 giant cockroaches
  3 goblins
  A hobgoblin (D:2)
  3 jackals (D:2)
  3 quokkas
  2 ball pythons
  A frilled lizard (D:2)
  3 kobolds (D:2)
  2 rats (D:2)
37 creatures vanquished.

Notes
Turn   | Place    | Note
-------+----------+-------------------------------------------
     0 | D:1      | Kel the Gargoyle Fighter began the quest for the Orb.
     0 | D:1      | Reached XP level 1. HP: 14/14 MP: 1/1
    31 | D:1      | Reached skill level 2 in Axes
   442 | D:1      | Reached XP level 2. HP: 16/19 MP: 2/2
  1061 | D:2      | Reached skill level 3 in Axes
  1114 | D:2      | Reached XP level 3. HP: 23/23 MP: 3/3
  1124 | D:2      | Found a bloodstained altar of Trog.
  1133 | D:2      | Became a worshipper of Trog the Wrathful
  1188 | D:2      | Found a faded altar of an unknown god.
  1739 | D:3      | Reached skill level 4 in Axes
  1739 | D:3      | Reached XP level 4. HP: 28/28 MP: 4/4
  1828 | D:3      | You fall into a shaft and drop 2 floors!
  1828 | D:5      | Entered Level 5 of the Dungeon
  1859 | D:5      | Noticed Pikel
  1859 | D:5      | Noticed a lemure
  1859 | D:5      | Noticed a lemure
  1861 | D:5      | Noticed a lemure
  1897 | D:5      | Noticed a lemure
  1901 | D:5      | Found a glowing drain.
  1923 | D:5      | Killed by an exploding giant cockroach... ignited by their
                  | inner flame

Illustrated notes

Levels and vault maps discovered:
D:1:      minmay_arrival_four_loops, layout_basic, minivault_27,
          serial_park_tiny_1, ebering_dispersal_statue_hall
D:2:      layout_basic, basic_altar, chequers_ecumenical_altar_simple_redux
D:3:      layout_basic, grunt_ministairs_9, chequers_garden
D:5:      layout_loops_corners, nemelex_spade_bored_becter,
          amcnicky_altar_gilded, led_sif_book, portal_sewer_entry_f, uniq_pikel

Skill      XL: |  1  2  3 |
---------------+----------+-----
Axes           | 2 3 4 |  4.3
Fighting       | |  3.2
Armour         | |  3.2
Shields        | |  3.2

Action                   |  1- 3 |  4- 6 || total
-------------------------+-------+-------++-------
Melee: War axe           |    94 |    13 ||   107
  Use: Scroll            |       |     5 ||     5
Armor: Scale mail        |    48 |    12 ||    60
Dodge: Dodged            |    46 |    17 ||    63
Block: Buckler           |    21 |     4 ||    25
